[ AOE2 MATCH · #478342017 ]
1v1 RMBengalis vs Huns
Player's team · LOSS
Rival team · WIN
[ REPLAY ANALYSIS · EXTRACTED FROM THE RECORDED GAME ]
Feudal
8:59
Castle
22:50
Imperial
—
| APM avg | 36.1 |
| APM peak | 73 |
| eAPM avg | 19.9 |
| Villagers / military | 111 / 59 |
Focus
⚔️ 34.1% · 🌾 65.9%
Ratha (Ranged) ×20 · Skirmisher ×19 · Mangonel ×4 · Spearman ×4 · Scout Cavalry ×4 · Scorpion ×3
Feudal
8:53
Castle
23:26
Imperial
—
| APM avg | 82.4 |
| APM peak | 114 |
| eAPM avg | 32.7 |
| Villagers / military | 93 / 93 |
Focus
⚔️ 52.0% · 🌾 48.0%
Cavalry Archer ×35 · Archer ×25 · Knight ×14 · Spearman ×8 · Monk ×5 · Mangonel ×3
Match map
Initial resources + every placement click. Lines = walls · curves = elevation contours. ◆ gold · ⬟ stone · ● berries · ✦ relic · ◌ wall gap
Your base· ✓ Closed at 22:50 · 9t walls · no gate
Frontline's base· Open — opponent sealed themselves in
Smoothed initial terrain · ◌ = detected wall gap · hover for details
Inputs per minute
— Barón de la Cerveza - - Frontline
Build order — Barón de la Cerveza
First 150 of 303 actions detected
| 0:01 | Create | Villager (Male) |
| 0:01 | Create | Villager (Male) |
| 0:01 | Create | Villager (Male) |
| 0:02 | Create | Villager (Male) |
| 0:02 | Build | House |
| 0:04 | Build | House |
| 1:30 | Create | Villager (Male) |
| 1:30 | Create | Villager (Male) |
| 2:04 | Create | Villager (Male) |
| 2:23 | Build | Lumber Camp |
| 2:24 | Create | Villager (Male) |
| 2:24 | Create | Villager (Male) |
| 2:39 | Create | Villager (Male) |
| 2:39 | Create | Villager (Male) |
| 2:55 | Create | Villager (Male) |
| 3:20 | Create | Villager (Male) |
| 3:21 | Create | Villager (Male) |
| 3:25 | Build | House |
| 3:46 | Create | Villager (Male) |
| 3:46 | Create | Villager (Male) |
| 4:14 | Create | Villager (Male) |
| 4:14 | Create | Villager (Male) |
| 4:45 | Create | Villager (Male) |
| 5:40 | Build | Mill |
| 5:53 | Create | Villager (Male) |
| 5:58 | Research | Loom |
| 6:49 | Research | Feudal Age |
| 7:04 | Build | Barracks |
| 7:08 | Build | Barracks |
| 7:25 | Build | House |
| 7:29 | Build | House |
| 8:24 | Build | House |
| 8:54 | Create | Villager (Male) |
| 8:59 | Age | Feudal Age |
| 9:02 | Create | Spearman |
| 9:05 | Build | Stable |
| 9:11 | Research | Double-Bit Axe |
| 9:24 | Create | Villager (Male) |
| 9:53 | Create | Villager (Male) |
| 9:53 | Create | Villager (Male) |
| 9:57 | Create | Scout Cavalry |
| 9:57 | Create | Scout Cavalry |
| 9:57 | Create | Scout Cavalry |
| 10:01 | Build | Palisade Wall |
| 10:04 | Build | Palisade Wall |
| 10:13 | Create | Villager (Male) |
| 10:53 | Build | Archery Range |
| 10:53 | Create | Villager (Male) |
| 10:53 | Create | Villager (Male) |
| 11:29 | Build | House |
| 11:31 | Build | House |
| 11:35 | Create | Villager (Male) |
| 11:36 | Create | Villager (Male) |
| 11:38 | Build | House |
| 11:39 | Create | Skirmisher |
| 11:40 | Create | Skirmisher |
| 11:45 | Build | House |
| 11:46 | Build | House |
| 12:01 | Create | Skirmisher |
| 12:02 | Create | Villager (Male) |
| 12:19 | Build | Farm |
| 12:20 | Build | Farm |
| 12:26 | Build | Farm |
| 12:27 | Build | Farm |
| 12:43 | Create | Villager (Male) |
| 12:43 | Create | Villager (Male) |
| 12:52 | Build | Blacksmith |
| 13:03 | Build | Farm |
| 13:05 | Build | Farm |
| 13:15 | Create | Spearman |
| 13:24 | Create | Villager (Male) |
| 13:38 | Create | Skirmisher |
| 13:38 | Create | Skirmisher |
| 13:39 | Create | Villager (Male) |
| 13:39 | Create | Villager (Male) |
| 13:43 | Build | House |
| 13:50 | Build | House |
| 13:51 | Build | House |
| 14:14 | Build | House |
| 14:28 | Research | Fletching |
| 14:29 | Create | Villager (Male) |
| 14:37 | Create | Skirmisher |
| 14:37 | Create | Skirmisher |
| 14:53 | Build | Farm |
| 15:02 | Build | Farm |
| 15:04 | Build | Farm |
| 15:06 | Create | Villager (Male) |
| 15:06 | Create | Villager (Male) |
| 15:29 | Build | Farm |
| 15:39 | Create | Scout Cavalry |
| 16:12 | Create | Villager (Male) |
| 16:12 | Create | Villager (Male) |
| 16:19 | Build | Farm |
| 16:20 | Build | Farm |
| 16:20 | Build | Farm |
| 16:20 | Build | Farm |
| 16:20 | Build | Farm |
| 16:20 | Build | Farm |
| 16:21 | Build | Farm |
| 16:21 | Build | Farm |
| 16:21 | Build | Farm |
| 16:24 | Create | Villager (Male) |
| 16:24 | Create | Villager (Male) |
| 17:05 | Create | Skirmisher |
| 17:05 | Create | Skirmisher |
| 17:05 | Create | Skirmisher |
| 17:17 | Build | House |
| 17:18 | Build | House |
| 17:22 | Build | House |
| 17:38 | Build | House |
| 17:41 | Build | House |
| 17:42 | Build | House |
| 18:01 | Create | Skirmisher |
| 18:01 | Create | Skirmisher |
| 18:02 | Create | Villager (Male) |
| 18:02 | Create | Villager (Male) |
| 18:06 | Build | Mining Camp |
| 18:12 | Build | House |
| 18:15 | Build | House |
| 18:37 | Create | Spearman |
| 18:37 | Create | Spearman |
| 18:49 | Build | House |
| 18:55 | Build | Market |
| 19:25 | Build | Mill |
| 19:42 | Build | Farm |
| 19:42 | Build | Farm |
| 19:42 | Build | Farm |
| 19:43 | Build | Farm |
| 20:10 | Research | Castle Age |
| 20:18 | Create | Skirmisher |
| 20:18 | Create | Skirmisher |
| 20:29 | Build | House |
| 20:31 | Build | Palisade Wall |
| 20:33 | Build | House |
| 20:34 | Build | House |
| 20:39 | Build | Farm |
| 20:40 | Build | Farm |
| 20:45 | Build | Stable |
| 20:56 | Build | Mining Camp |
| 22:01 | Build | Lumber Camp |
| 22:49 | Research | Horse Collar |
| 22:50 | Age | Castle Age |
| 22:52 | Create | Villager (Male) |
| 22:53 | Create | Villager (Male) |
| 23:02 | Research | Bow Saw |
| 23:02 | Research | Bow Saw |
| 23:22 | Create | Battle Elephant |
| 23:22 | Create | Battle Elephant |
| 23:25 | Research | Bloodlines |
| 23:36 | Build | Castle |
Build order — Frontline
First 150 of 290 actions detected
| 0:00 | Create | Villager (Male) |
| 0:00 | Create | Villager (Male) |
| 0:01 | Create | Villager (Male) |
| 0:12 | Create | Villager (Male) |
| 1:21 | Create | Villager (Male) |
| 1:46 | Build | Lumber Camp |
| 1:53 | Create | Villager (Male) |
| 2:02 | Create | Villager (Male) |
| 2:38 | Create | Villager (Male) |
| 3:04 | Create | Villager (Male) |
| 3:33 | Create | Villager (Male) |
| 3:45 | Create | Villager (Male) |
| 3:59 | Create | Villager (Male) |
| 4:34 | Create | Villager (Male) |
| 4:36 | Create | Villager (Male) |
| 5:10 | Create | Villager (Male) |
| 5:21 | Create | Villager (Male) |
| 5:25 | Build | Barracks |
| 5:38 | Research | Loom |
| 6:17 | Research | Loom |
| 6:43 | Research | Feudal Age |
| 7:09 | Build | Mining Camp |
| 8:02 | Create | Villager (Male) |
| 8:53 | Age | Feudal Age |
| 8:57 | Build | Archery Range |
| 8:58 | Research | Double-Bit Axe |
| 9:00 | Create | Villager (Male) |
| 9:16 | Create | Spearman |
| 9:21 | Create | Spearman |
| 9:39 | Build | Palisade Wall |
| 9:41 | Build | Palisade Wall |
| 9:44 | Build | Palisade Wall |
| 9:51 | Create | Archer |
| 9:51 | Create | Archer |
| 9:55 | Create | Villager (Male) |
| 9:57 | Build | Mill |
| 10:18 | Create | Villager (Male) |
| 10:28 | Build | Watch Tower |
| 10:33 | Create | Archer |
| 10:37 | Create | Villager (Male) |
| 10:50 | Create | Spearman |
| 10:53 | Create | Archer |
| 10:56 | Build | Palisade Wall |
| 10:58 | Build | Palisade Wall |
| 11:11 | Create | Villager (Male) |
| 11:28 | Create | Archer |
| 11:31 | Build | Palisade Wall |
| 11:38 | Build | Mining Camp |
| 11:44 | Create | Spearman |
| 11:48 | Create | Archer |
| 11:50 | Create | Villager (Male) |
| 11:57 | Build | Farm |
| 12:07 | Create | Spearman |
| 12:34 | Create | Villager (Male) |
| 12:37 | Create | Archer |
| 12:48 | Create | Villager (Male) |
| 13:01 | Build | Farm |
| 13:02 | Build | Farm |
| 13:11 | Build | Blacksmith |
| 13:20 | Create | Villager (Male) |
| 13:42 | Create | Villager (Male) |
| 14:06 | Research | Fletching |
| 14:09 | Create | Archer |
| 14:10 | Create | Archer |
| 14:22 | Create | Archer |
| 14:28 | Create | Archer |
| 14:37 | Create | Villager (Male) |
| 14:53 | Create | Villager (Male) |
| 14:56 | Build | Watch Tower |
| 15:01 | Create | Villager (Male) |
| 15:03 | Build | Stable |
| 15:12 | Create | Villager (Male) |
| 15:14 | Build | Farm |
| 15:15 | Build | Farm |
| 15:18 | Build | Farm |
| 15:24 | Build | Palisade Wall |
| 15:26 | Build | Palisade Wall |
| 15:29 | Create | Villager (Male) |
| 15:32 | Build | Palisade Wall |
| 15:36 | Build | Palisade Wall |
| 15:41 | Create | Archer |
| 15:43 | Create | Villager (Male) |
| 15:54 | Create | Archer |
| 15:59 | Create | Villager (Male) |
| 16:12 | Create | Villager (Male) |
| 16:18 | Build | Farm |
| 16:21 | Build | Farm |
| 16:21 | Build | Farm |
| 16:24 | Create | Scout Cavalry |
| 16:36 | Create | Archer |
| 16:37 | Create | Archer |
| 16:40 | Create | Archer |
| 16:50 | Create | Villager (Male) |
| 16:52 | Create | Villager (Male) |
| 17:01 | Create | Archer |
| 17:11 | Create | Villager (Male) |
| 17:13 | Create | Villager (Male) |
| 17:15 | Build | Farm |
| 17:16 | Build | Farm |
| 17:34 | Create | Archer |
| 17:36 | Create | Scout Cavalry |
| 17:48 | Create | Villager (Male) |
| 17:57 | Build | Farm |
| 17:58 | Build | Farm |
| 17:59 | Build | Farm |
| 18:04 | Build | Watch Tower |
| 18:26 | Build | Farm |
| 18:29 | Build | Farm |
| 18:29 | Build | Farm |
| 18:53 | Build | Farm |
| 19:24 | Build | Lumber Camp |
| 19:26 | Create | Villager (Male) |
| 19:57 | Build | Palisade Wall |
| 19:58 | Build | Palisade Wall |
| 20:46 | Build | Farm |
| 20:46 | Research | Castle Age |
| 20:57 | Build | Archery Range |
| 20:58 | Create | Archer |
| 20:58 | Create | Archer |
| 21:02 | Create | Scout Cavalry |
| 21:21 | Create | Villager (Male) |
| 21:34 | Build | Lumber Camp |
| 21:37 | Create | Spearman |
| 21:43 | Build | Farm |
| 21:48 | Create | Archer |
| 21:48 | Create | Archer |
| 21:58 | Research | Padded Archer Armor |
| 22:00 | Build | Farm |
| 22:01 | Build | Farm |
| 22:35 | Research | Gold Mining |
| 22:55 | Create | Archer |
| 22:55 | Create | Archer |
| 22:55 | Create | Archer |
| 23:01 | Create | Spearman |
| 23:01 | Create | Spearman |
| 23:26 | Age | Castle Age |
| 23:30 | Research | Crossbowman (upgrade) |
| 23:31 | Research | Bodkin Arrow |
| 23:32 | Create | Villager (Male) |
| 24:11 | Create | Villager (Male) |
| 24:17 | Create | Villager (Male) |
| 24:20 | Build | Farm |
| 24:21 | Create | Knight |
| 24:22 | Create | Knight |
| 24:29 | Build | Farm |
| 24:30 | Create | Villager (Male) |
| 24:36 | Create | Cavalry Archer |
| 24:52 | Create | Villager (Male) |
| 25:02 | Build | Town Center |
| 25:03 | Create | Villager (Male) |
Match timeline
| 5:25 | Frontline · first_building Barracks |
| 7:04 | Barón de la Cerveza · first_building Barracks |
| 8:53 | Frontline · age_up feudal |
| 8:57 | Frontline · first_building Archery Range |
| 8:59 | Barón de la Cerveza · age_up feudal |
| 9:05 | Barón de la Cerveza · first_building Stable |
| 9:39 | Frontline · wall_segment Palisade Wall x1 |
| 9:41 | Frontline · wall_segment Palisade Wall x1 |
| 9:44 | Frontline · wall_segment Palisade Wall x1 |
| 10:01 | Barón de la Cerveza · wall_segment Palisade Wall x1 |
| 10:04 | Barón de la Cerveza · wall_segment Palisade Wall x6 |
| 10:53 | Barón de la Cerveza · first_building Archery Range |
| 10:56 | Frontline · wall_segment Palisade Wall x1 |
| 10:58 | Frontline · wall_segment Palisade Wall x1 |
| 11:31 | Frontline · wall_segment Palisade Wall x1 |
| 15:03 | Frontline · first_building Stable |
| 15:24 | Frontline · wall_segment Palisade Wall x1 |
| 15:26 | Frontline · wall_segment Palisade Wall x1 |
| 15:32 | Frontline · wall_segment Palisade Wall x1 |
| 15:36 | Frontline · wall_segment Palisade Wall x1 |
| 19:57 | Frontline · wall_segment Palisade Wall x1 |
| 19:58 | Frontline · wall_segment Palisade Wall x1 |
| 20:10 | Barón de la Cerveza · first_market_sell 100 wood |
| 20:31 | Barón de la Cerveza · wall_segment Palisade Wall x2 |
| 22:50 | Barón de la Cerveza · age_up castle |
| 23:26 | Frontline · age_up castle |
| 23:36 | Barón de la Cerveza · first_building Castle |
| 24:11 | Barón de la Cerveza · first_building Siege Workshop |
| 26:14 | Barón de la Cerveza · first_building Monastery |
| 26:50 | Frontline · first_building Monastery |
| 29:13 | Barón de la Cerveza · first_market_buy 100 food |
| 34:24 | Frontline · first_market_buy 100 food |
| 34:31 | Frontline · first_building Siege Workshop |
| 35:30 | Frontline · first_market_sell 100 wood |
| 37:20 | Barón de la Cerveza · resign |
[ AI ANALYSIS · 1 CREDIT ]
What really happened in this match?
Wolo.gg analyzes every decision: build order, eco, micro, common mistakes by bracket. Personalized analysis on WhatsApp or Discord in 30 seconds.
Civ guide
Bengalis
Map guide
Arabia
Perfil
Barón de la Cerveza